 Dungeon Crawl Stone Soup version 0.30-a0-605-gb2882149bf (webtiles) character file.

Game seed: 8905715689666377037

7136 OTABOTABOTAB the Destroyer (level 10, 0/78 HPs)
             Began as a Pale Draconian Conjurer on Jan 8, 2023.
             Was a Believer of Sif Muna.
             Slain by a sun demon (19 damage)
             ... summoned by a kobold demonologist
             ... on level 9 of the Dungeon.
             The game lasted 00:31:46 (12165 turns).

OTABOTABOTAB the Destroyer (DrCj)                  Turns: 12165, Time: 00:31:46

Health: 0/78       AC: 12    Str: 11      XL:     10   Next: 85%
Magic:  1/24       EV: 12    Int: 23      God:    Sif Muna [**....]
Gold:   1605       SH:  5    Dex:  9 (10) Spells: 18/29 levels left

rFire   + . .      SeeInvis +    a - staff of conjuration
rCold   . . .      Faith    .    (no shield)
rNeg    . . .      Spirit   .    (body armour unavailable)
rPois   .          Reflect  +    z - +1 hat
rElec   .          Harm     .    (no cloak)
rCorr   +          Rampage  .    (no gloves)
Will    .....                    k - +3 pair of boots of the Sailor {rCorr Str+2}
Stlth   ++                       f - amulet of reflection
HPRegen 0.33/turn                V - ring of see invisible {sInv, !d}
MPRegen 0.19/turn                F - ring of protection from fire {rF+, !d}

@: about to teleport
A: breathe steam, AC +7, unfitting armour, cold-blooded, steam resistance
a: Breathe Steam, Renounce Religion, Channel Magic


You were on level 9 of the Dungeon.
You worshipped Sif Muna.
Sif Muna was pleased with you.
You visited 2 branches of the dungeon, and saw 10 of its levels.

You collected 1605 gold pieces.

Inventory:

Hand Weapons
 A - the +4 sling "Uthitim" {flame, rPois rC+ Will+ Stlth+}
   (You found it on level 3 of the Dungeon)

   rC:        It protects you from cold.
   rPois:     It protects you from poison.
   Will:      It increases your willpower.
   Stlth:     It makes you more stealthy.
Missiles
 e - 4 silver javelins
 i - 32 poisoned darts
 n - 5 boomerangs
 o - 11 atropa-tipped darts
 s - 65 stones
 v - a curare-tipped dart
Armour
 k - the +3 pair of boots of the Sailor (worn) {rCorr Str+2}
   (You found it on level 8 of the Dungeon)

   Str:       It affects your strength (+2).
   rCorr:     It protects you from acid and corrosion.
 l - a +2 cloak of stealth
   (You took it off Maurice on level 8 of the Dungeon)
 z - a +1 hat (worn)
   (You found it on level 6 of the Dungeon)
Magical Staves
 a - a staff of conjuration (weapon)
   (You acquired it on level 1 of the Dungeon)
 b - a staff of air {rElec}
   (You found it on level 4 of the Dungeon)
Jewellery
 f - an amulet of reflection (around neck)
   (You found it on level 7 of the Dungeon)
 F - a ring of protection from fire (right hand) {rF+, !d}
   (You found it on level 8 of the Dungeon)
 V - a ring of see invisible (left hand) {sInv, !d}
   (You found it on level 7 of the Dungeon)
Wands
 d - a wand of digging (13)
   (You found it on level 6 of the Dungeon)
 j - a wand of roots (11)
   (You took it off Sigmund on level 2 of the Dungeon)
 q - a wand of flame (10)
   (You took it off Maurice on level 8 of the Dungeon)
 r - a wand of light (2)
   (You found it on level 5 of the Dungeon)
 y - a wand of mindburst (9)
   (You found it on level 8 of the Dungeon)
Scrolls
 h - a scroll of poison {!r}
 t - 2 scrolls of fog
 x - a scroll of brand weapon
 E - 2 scrolls of fear
 X - 2 scrolls of magic mapping {@r4!r}
 Y - 3 scrolls of teleportation {@r3}
Potions
 c - 2 potions of invisibility {unknown}
 g - 2 potions of attraction {!q}
 m - a potion of flight {unknown}
 p - a potion of degeneration {unknown}
 w - 3 potions of mutation {unknown}
 B - 5 potions of brilliance
 C - 3 potions of haste {unknown}
 D - a potion of ambrosia {unknown}
 J - 2 potions of curing {@q1}
 T - 2 potions of berserk rage {!q}


   Skills:
 - Level 3.8 Fighting
 - Level 0.8 Staves
 - Level 1.7 Dodging
 - Level 1.7 Stealth
 - Level 10.0 Spellcasting
 + Level 10.2 Conjurations
 - Level 3.0 Hexes
 - Level 3.0 Translocations
 + Level 3.0 Air Magic
 + Level 6.4 Invocations


You had 18 spell levels left.
You knew the following spells:

 Your Spells              Type           Power      Damage    Failure   Level
a - Magic Dart            Conj           100%       1d8       1%          1
b - Searing Ray           Conj           100%       2d8       1%          2
c - Fulminant Prism       Conj/Hex       29%        3d14      3%          4
x - Iskenderun's Mystic   Conj/Tloc      58%        2d12      3%          4

Your spell library contained the following spells:

 Spells                   Type           Power      Damage    Failure   Level
 Static Discharge         Conj/Air       100%       2-7/arc   1%          2
 Dazzling Flash           Conj/Hex       100%       N/A       1%          3
 Blink                    Tloc           50%        N/A       2%          2
 Ensorcelled Hibernation  Hex/Ice        36%        N/A       4%          2
 Gell's Gravitas          Tloc           25%        N/A       4%          3
 Swiftness                Air            25%        N/A       4%          3
 Teleport Other           Tloc           25%        N/A       4%          3
 Vhi's Electric Charge    Tloc/Air       50%        N/A       4%          3
 Summon Small Mammal      Summ           44%        N/A       5%          1
 Passwall                 Tmut/Erth      9%         N/A       9%          2
 Summon Guardian Golem    Hex/Summ       18%        N/A       9%          3
 Arcjolt                  Conj/Air       29%        1d39      11%         5
 Lightning Bolt           Conj/Air       29%        1d45      11%         5
 Manifold Assault         Tloc           25%        N/A       16%         4
 Call Canine Familiar     Summ           11%        N/A       17%         3
 Dispersal                Tloc           12%        N/A       94%         6
 Storm Form               Tmut/Air       9%         N/A       100%        7


Dungeon Overview and Level Annotations

Branches:
Dungeon (9/15)             Temple (1/1) D:6
   Lair: D:8-11         Orc: D:9-12

Altars:
Ashenzari
Cheibriados
Dithmenos
Elyvilon
Fedhas
Gozag
Hepliaklqana
Kikubaaqudgha
Makhleb
Nemelex Xobeh
Okawaru
Qazlal
Ru
Sif Muna
Trog
Uskayaw
Vehumet
Wu Jian
Xom
Yredelemnul
Zin
The Shining One

Shops:
D:6 [   D:7 [   D:8 (

Annotations:
D:9 Harold


Innate Abilities, Weirdness & Mutations

You can breathe blasts of scalding, opaque steam.
Your pale cyan-grey scales are hard. (AC +7)
You cannot fit into any form of body armour.
You are cold-blooded and may be slowed by cold attacks.
You are immune to the effects of steam.


Message History

You feel sick.
You feel sick.
You take 1 damage, and have 37/78 hp.
You start resting.
You feel sick. x3
You are no longer poisoned.
You take 2 damage, and have 35/78 hp.
You start resting.
A kobold brigand is nearby!
Unknown command.
A kobold brigand is nearby!
Unknown command.
A kobold brigand is nearby!
Unknown command.
The kobold brigand throws a poisoned dart.
You reflect the poisoned dart off an invisible shield around you!
The poisoned dart barely misses the kobold brigand.
The sentinel's mark upon you fades away.
There is an open door here.
You feel a surge of power!
You miscast Fulminant Prism.
You are very lightly contaminated with residual magic.
Nothing appears to happen.
You now have 3/24 mp.
You don't have enough magic to cast this spell.
You close the door.
A kobold brigand opens the door.
The kobold brigand throws a poisoned dart.
The poisoned dart barely misses you.
Your magical contamination has completely faded away.
The kobold brigand throws a poisoned dart.
The poisoned dart hits you.
You are poisoned.
You feel sick.
You take 1 damage, and have 42/78 hp.
You feel sick.
The kobold demonologist shouts!
The kobold shouts!
You hear a shout!
There is an open door here.
You take 1 damage, and have 41/78 hp.
You feel sick.
The kobold demonologist hits you but does no damage.
You take 1 damage, and have 40/78 hp.
You close the door.
You feel sick. The kobold demonologist misses you.
You feel a surge of power!
You erupt in a blast of force!
The mystic blast hits the kobold!
You kill the kobold!
Sif Muna accepts your kill.
The mystic blast hits the kobold demonologist!
The kobold demonologist is knocked back by the mystic blast.
You feel sick.
You are no longer poisoned.
The kobold demonologist casts a spell.
You take 1 damage, and have 39/78 hp.
You now have 3/24 mp.
Aim: a kobold demonologist, wielding a +0 dagger and wearing a +0 robe (lightly wounded, 76% to hit)
You feel a surge of power!
The searing ray hits the kobold demonologist. (Press . to maintain the ray.)
You now have 1/24 mp.
The searing ray hits the kobold demonologist!
The kobold hits you but does no damage. The sun demon hits you!
You are engulfed in flames.
You resist.
The kobold demonologist hits you but does no damage.
You take 11 damage, and have 28/78 hp.
You now have 0/24 mp.
Without enough magic to sustain it, your searing ray dissipates.
You block the kobold's attack. The sun demon hits you!!
* * * LOW HITPOINT WARNING * * *
You are engulfed in flames!
You resist.
* * * LOW HITPOINT WARNING * * *
The kobold demonologist gestures wildly while chanting.
You take 26 damage, and have 2/78 hp.
MASSIVE DAMAGE!!
You feel much better.
A kobold brigand opens the door.
The sun demon misses you. You block the kobold's attack.
The kobold demonologist barely misses you.
You regained 17 hp, and now have 19/78 hp.
You feel much better.
The sun demon hits you but does no damage.
The kobold brigand throws a poisoned dart.
The poisoned dart barely misses you.
The poisoned dart hits the kobold!
The kobold is poisoned.
The kobold barely misses you.
The kobold demonologist casts a spell.
The sun demon closely misses you.
You regained 30 hp, and now have 49/78 hp.
As you read the scroll of teleportation {@r3}, it crumbles to dust.
You feel strangely unstable. The quasit barely misses you.
You block the quasit's attack. The quasit misses you.
You block the kobold's attack. The sun demon hits you!!
You are engulfed in flames!
You resist.
* * * LOW HITPOINT WARNING * * *
The kobold demonologist gestures wildly while chanting.
You take 33 damage, and have 16/78 hp.
MASSIVE DAMAGE!!
You feel better. The quasit bites you.
* * * LOW HITPOINT WARNING * * *
You feel clumsy. The quasit barely misses you.
The quasit claws you but does no damage.
The kobold brigand hits you with a +0 short sword.
* * * LOW HITPOINT WARNING * * *
The kobold hits you but does no damage. The sun demon hits you!!
You die...

#.#...K######....# #.
#.#....# #....# #.
#.#....#######'### #.
#.#....##.......# #.
#.##K####.......# ##
#.##.# #.......# #)##.#
#...53).# ###)##.#
#....3K5# ..)).#.#
#...5K@3# .....#.##
######K##
.....#>.########.#######
.....#...K.............+
.....####.#####.....####
.....# #.### #.....#
##...# #...# #.....#
#...######.###.....#
#.......)))...#.#######


You could see 2 sun demons, a kobold demonologist, a smoke demon (summoned), a
kobold brigand, an iron imp (summoned), a quasit (summoned), an ufetubus
(summoned) and a kobold (very poisoned).

Vanquished Creatures
  Erica (D:9)
  Maurice (D:8)
  Maggie (D:7)
  Psyche (D:9)
  A troll (D:8)
  Prince Ribbit (D:6)
  Grinder (D:6)
  Sigmund (D:2)
  2 steam dragons
  A wraith (D:7)
  4 yaks (D:8)
  An acid dragon (D:9)
  A water moccasin (D:7)
  Duvessa (D:6)
  A black bear (D:5)
  An ice beast (D:6)
  An orc warrior (D:8)
  3 sky beasts
  An ogre (D:5)
  4 centaurs (D:8)
  A phantom (D:7)
  5 kobold brigands
  A bullfrog (D:8)
  2 necrophages
  2 scorpions (D:5)
  5 wights (D:6)
  Dowan (D:6)
  10 killer bees (D:9)
  5 howler monkeys
  3 hounds
  3 jellies
  7 orc priests
  2 gnoll boudas
  5 iguanas
  14 orc wizards
  11 gnolls
  5 adders
  2 shadow imps
  A white imp (D:6)
  2 worms
  2 dart slugs
  40 orcs
  6 bats
  6 endoplasms
  6 giant cockroaches
  7 hobgoblins
  4 jackals (D:2)
  30 kobolds
  5 quokkas
  4 ball pythons
  2 frilled lizards (D:1)
  9 goblins
  4 rats
  A fulminant prism (D:8)
242 creatures vanquished.

Vanquished Creatures (others)
  A kobold (D:9)
  28 fulminant prisms
29 creatures vanquished.

Grand Total: 271 creatures vanquished

Notes
Turn   | Place    | Note
-------+----------+-------------------------------------------
     0 | D:1      | OTABOTABOTAB the Draconian Conjurer began the quest for the
                  | Orb.
     0 | D:1      | Reached XP level 1. HP: 14/14 MP: 3/3
   321 | D:1      | Reached XP level 2. HP: 20/20 MP: 0/5
   324 | D:1      | Learned a level 2 spell: Searing Ray
  1238 | D:1      | Identified 3 scrolls of acquirement
  1238 | D:1      | Acquired 436 gold pieces
  1240 | D:1      | Acquired a staff of conjuration
  1244 | D:1      | Acquired 538 gold pieces
  1335 | D:2      | Reached XP level 3. HP: 26/26 MP: 1/7
  1426 | D:2      | Reached skill level 3 in Spellcasting
  2173 | D:2      | Noticed Sigmund
  2280 | D:2      | Reached XP level 4. HP: 33/33 MP: 7/9
  2702 | D:2      | Learned a level 4 spell: Fulminant Prism
  2845 | D:2      | Killed Sigmund
  2846 | D:2      | Reached skill level 4 in Spellcasting
  2846 | D:2      | Reached skill level 5 in Conjurations
  2846 | D:2      | Reached XP level 5. HP: 38/38 MP: 4/11
  3294 | D:3      | Reached XP level 6. HP: 45/45 MP: 10/13
  3346 | D:3      | Learned a level 4 spell: Iskenderun's Mystic Blast
  3694 | D:3      | Identified the +4 sling "Uthitim" {flame, rPois rC+ Will+
                  | Stlth+}
  3854 | D:3      | Reached skill level 5 in Spellcasting
  4247 | D:4      | Reached skill level 1 in Translocations
  4405 | D:4      | Reached skill level 1 in Hexes
  4453 | D:4      | Your scales start taking on a pale cyan-grey colour.
  4453 | D:4      | Reached XP level 7. HP: 50/50 MP: 15/15
  4453 | D:4      | Gained mutation: You are immune to the effects of steam.
                  | [Pale Draconian growth]
  5565 | D:5      | Entered Level 5 of the Dungeon
  5569 | D:5      | Reached skill level 2 in Translocations
  5623 | D:5      | Reached skill level 2 in Hexes
  5673 | D:5      | Reached skill level 6 in Spellcasting
  5893 | D:5      | Reached skill level 6 in Conjurations
  5933 | D:5      | Reached XP level 8. HP: 57/57 MP: 13/17
  6023 | D:5      | Reached skill level 3 in Translocations
  6798 | D:5      | Found a snail-covered altar of Cheibriados.
  6799 | D:5      | Found a bloodstained altar of Trog.
  7026 | D:6      | Found Dugiwnos's Armour Shop.
  7133 | D:6      | Reached skill level 7 in Spellcasting
  7133 | D:6      | Reached skill level 3 in Hexes
  7306 | D:6      | Noticed Prince Ribbit
  7312 | D:6      | Killed Prince Ribbit
  7313 | D:6      | Reached skill level 7 in Conjurations
  7515 | D:6      | Reached skill level 8 in Spellcasting
  7574 | D:6      | Reached XP level 9. HP: 62/62 MP: 9/21
  7857 | D:6      | Reached skill level 9 in Spellcasting
  8073 | D:6      | Noticed Grinder
  8079 | D:6      | Killed Grinder
  8080 | D:6      | Reached skill level 8 in Conjurations
  8158 | D:6      | Noticed Duvessa
  8165 | D:6      | Killed Duvessa
  8241 | D:6      | Noticed Dowan
  8255 | D:6      | Killed Dowan
  8297 | D:6      | Found a staircase to the Ecumenical Temple.
  8306 | Temple   | Entered the Ecumenical Temple
  8645 | Temple   | Became a worshipper of Sif Muna the Loreminder
  8990 | D:7      | Found Wofiafoj's Armour Shoppe.
  9040 | D:7      | Reached skill level 1 in Invocations
  9049 | D:7      | Noticed Maggie
  9059 | D:7      | Killed Maggie
  9060 | D:7      | Reached skill level 2 in Invocations
  9597 | D:7      | Reached skill level 3 in Invocations
 10211 | D:8      | Reached XP level 10. HP: 30/69 MP: 7/23
 10357 | D:8      | Reached skill level 10 in Spellcasting
 10422 | D:8      | Reached skill level 9 in Conjurations
 10617 | D:8      | Identified the +3 pair of boots of the Sailor {rCorr Str+2}
 10639 | D:8      | Found Napuulyiq's Antique Weapon Shoppe.
 10659 | D:8      | Reached skill level 1 in Fighting
 10820 | D:8      | Noticed Maurice
 10831 | D:8      | Killed Maurice
 10832 | D:8      | Reached skill level 4 in Invocations
 10838 | D:8      | Reached skill level 2 in Fighting
 11128 | D:8      | Reached * piety under Sif Muna
 11239 | D:8      | Reached skill level 3 in Fighting
 11244 | D:8      | Reached skill level 5 in Invocations
 12003 | D:9      | Reached skill level 1 in Air Magic
 12009 | D:9      | Noticed Harold
 12025 | D:9      | Noticed Erica
 12030 | D:9      | Noticed Psyche
 12034 | D:9      | Killed Erica
 12035 | D:9      | Reached skill level 10 in Conjurations
 12035 | D:9      | Reached skill level 2 in Air Magic
 12035 | D:9      | Reached skill level 6 in Invocations
 12051 | D:9      | Reached ** piety under Sif Muna
 12052 | D:9      | Killed Psyche
 12053 | D:9      | Reached skill level 3 in Air Magic
 12057 | D:9      | HP: 18/78 [killer bee (7)]
 12075 | D:9      | HP: 16/78 [killer bee (4)]
 12087 | D:9      | HP: 19/78 [killer bee (4)]
 12159 | D:9      | Noticed a sun demon
 12161 | D:9      | HP: 9/78 [sun demon[a kobold demonologist] (19)]
 12161 | D:9      | HP: 2/78 [sun demon[a kobold demonologist] (7)]
 12164 | D:9      | Noticed a sun demon
 12165 | D:9      | Noticed a smoke demon
 12165 | D:9      | Slain by a sun demon

Illustrated notes

Levels and vault maps discovered:
D:1:      minmay_arrival_shoal_huts, layout_basic, minmay_three_crescents
D:2:      kennysheep_the_goblin_king, layout_loops_corners, kennysheep_nub,
          minmay_tripent, uniq_sigmund
D:3:      layout_basic, serial_corexii_hall, chequers_hall_statues_y,
          chequers_hall_statues_corner_a
D:4:      layout_layer_cave
D:5:      layout_basic, gammafunk_temple_overflow_pools,
          serial_co_window_serial, co_window_corner_a, co_window_paths_a,
          co_window_paths_a, co_window_of_opportunity_a, co_window_paths_b,
          co_window_corner_a, co_window_corner_a, co_window_corner_a,
          co_window_paths_b, co_window_of_opportunity_c, co_window_cross_3,
          co_window_2corner, co_window_corner_ca, co_window_sun,
          glass_columns_a, columned_hall_lemuel
D:6:      layout_rooms, temple_hall, serial_shops, shop, grunt_potential,
          uniq_prince_ribbit1, uniq_duvessa, uniq_grinder
D:7:      layout_loops_ring, serial_shops, nicolae_shop_hallway_stairs,
          minmay_misc_feat_tower, nicolae_hexahallways,
          hangedman_decor_diamond_cutter, uniq_maggie
D:8:      layout_loops_corners, serial_shops, kennysheep_little_box,
          uniq_maurice
D:9:      layout_basic, minmay_starry_boxes, uniq_psyche, uniq_erica,
          uniq_harold
Temple:   mainiacjoe_temple_cubbyholes

Skill      XL: |  1  2  3  4  5  6  7  8  9 10 |
---------------+-------------------------------+-----
Spellcasting   | 3 4 5 6 8 9 10 | 10.0
Conjurations   | 5 6 7 8 10 | 10.2
Translocations | 1 2 3 |  3.0
Hexes          | 1 2 3 |  3.0
Invocations    | 3 6 |  6.4
Fighting       | 3 |  3.8
Air Magic      | 3 |  3.0
Staves         | |  0.8
Dodging        | |  1.7
Stealth        | |  1.7

Action                   |  1- 3 |  4- 6 |  7- 9 | 10-12 || total
-------------------------+-------+-------+-------+-------++-------
Melee: Staff             |    12 |     4 |     8 |    10 ||    34
       Tailslap          |     2 |       |     1 |     1 ||     4
       Quarterstaff      |     2 |       |       |       ||     2
       Punch             |     1 |       |       |       ||     1
 Fire: Sling             |       |    40 |    13 |       ||    53
 Cast: Magic Dart        |    69 |    27 |    67 |    18 ||   181
       Searing Ray       |     3 |    12 |    40 |    15 ||    70
       Fulminant Prism   |       |       |    14 |    15 ||    29
       Iskenderun's Myst |       |       |    20 |    18 ||    38
 Abil: Breathe Steam     |       |       |    12 |     4 ||    16
  Use: Scroll            |     4 |     6 |     7 |     4 ||    21
       Potion            |       |     3 |     1 |    10 ||    14
Armor: Skin              |     9 |    11 |    21 |    44 ||    85
Dodge: Dodged            |    12 |    32 |    36 |    49 ||   129
Block: Other             |       |       |     3 |    17 ||    20
       Reflection        |       |       |     1 |     2 ||     3

Table legend: (Time is in decaauts)
 A = Elapsed time spent in this place.
 B = Non-inter-level travel time spent in this place.
 C = Inter-level travel time spent in this place.
 D = Time resting spent in this place.
 E = Time spent auto-exploring this place.
 F = Levels seen in this place.
 G = Mean time per level.
                   A        B        C        D        E       F      G
               +--------+--------+--------+--------+--------+-----+--------+
         Total |  12193 |  11934 |    259 |   1908 |   8607 |  10 | 1219.3 |
       Dungeon |  11835 |  11593 |    242 |   1908 |   8320 |   9 | 1315.0 |
        Temple |    357 |    340 |     17 |      0 |    287 |   1 |  357.0 |
               +--------+--------+--------+--------+--------+-----+--------+

Top non-repeatable levels by time:
     D:2: 1638 daAuts
     D:7: 1488 daAuts
     D:3: 1471 daAuts
     D:6: 1461 daAuts
     D:5: 1460 daAuts
     D:1: 1287 daAuts
     D:8: 1275 daAuts
     D:4: 1192 daAuts
     D:9: 559 daAuts
  Temple: 357 daAuts

Table legend:
 A = Kills in this place as a percentage of kills in entire the game.
 B = Kills by you in this place as a percentage of kills by you in the entire game.
 C = Kills by friends in this place as a percentage of kills by friends in the entire game.
 D = Other kills in this place as a percentage of other kills in the entire game.
 E = Experience gained in this place as a percentage of experience gained in the entire game.
 F = Experience gained in this place divided by the number of levels of this place that you have seen.
                   A       B       C       D       E      F
               +-------+-------+-------+-------+-------+----------------------
         Total | 100.0 | 100.0 |   N/A |   N/A | 100.0 | 1019.5
       Dungeon | 100.0 | 100.0 |   N/A |   N/A | 100.0 | 1132.8
               +-------+-------+-------+-------+-------+----------------------
